Map: Habitation Station LE (Void)

Players

Musumeci - Winner!

  • Race: Zerg Zerg
  • League: Diamond
  • Spawn Location: 1:00

Patrick

  • Race: Terran Terran
  • League: Diamond
  • Spawn Location: 11:00

VOD

Have the link to the VOD?

Description

Time

  • Played on: Jan. 6, 2017, 9:28 a.m.
  • Length: 13:39
Show
View Real Time Build Order
Export as new Build Order

Musumeci Zerg - Winner!

Build Orders: Hatch First 

Get SALT Encoding   

  12  0:00  Drone  
  13  0:08  Drone  
  14  0:14  Extractor  
  14  0:16  Drone  
  15  0:39  Hatchery  
  14  0:43  Extractor  
  14  0:44  Drone  
  15  1:01  Spawning Pool  
  14  1:06  Drone, Extractor  
  14  1:11  Extractor  
  14  1:12  Drone  
  16  1:19  Overlord  
  16  1:37  Drone x2  
  16  1:39  Drone  
  19  1:47  Queen  
  19  1:51  Queen  
  23  1:54  Drone  
  23  1:58  Drone  
  26  2:01  Drone  
  26  2:07  Overlord  
  26  2:13  Drone x2  
  28  2:24  Queen  
  30  2:30  Queen  
  30  2:31  Drone  
  30  2:35  Drone  
  30  2:36  Drone  
  35  2:39  Drone  
  35  2:40  Extractor  
  35  2:44  Drone  
  35  2:45  Overlord  
  36  3:11  Drone x8  
  44  3:21  Overlord  
  44  3:22  Hatchery  
  43  3:42  Extractor  
  43  3:44  Extractor  
  43  3:46  Roach Warren  
  40  3:52  Drone x2  
  40  3:53  Drone x4  
  46  3:59  Overlord x3  
  46  4:26  Roach x3  
  46  4:28  Roach  
  46  4:29  Drone  
  46  4:30  Drone x4  
  59  4:34  Drone x2  
  61  4:39  Drone  
  61  4:41  Spore Crawler  
  61  4:42  Drone  
  61  4:43  Spore Crawler x2  
  61  4:44  Spore Crawler  
  59  4:54  Roach  
  59  4:55  Roach x3  
  59  4:57  Evolution Chamber x2  
  65  5:08  Drone x2, Lair  
  65  5:10  Drone  
  65  5:11  Drone x3, Extractor  
  70  5:37  Drone x4  
  70  5:38  Overlord x2  
  70  5:39  Overlord x2  
  74  5:44  Drone, Extractor  
  74  5:52  Zerg Missile Weapons Level 1  
  74  5:53  Zerg Ground Armor Level 1  
  74  5:56  Drone  
  76  5:57  Drone x2  
  76  5:59  Drone x2, Extractor  
  76  6:00  Drone, Extractor  
  76  6:01  Drone x3  
  76  6:03  Drone  
  76  6:04  Drone  
  83  6:08  Drone  
  83  6:09  Glial Reconstitution  
  84  6:11  Roach  
  84  6:13  Roach x2  
  86  6:44  Roach  
  86  6:45  Roach x7  
  94  7:04  Roach x6  
  94  7:05  Roach  
  98  7:32  Drone x6  
  98  7:33  Drone x2  
  106  7:39  Hatchery, Extractor  
  106  7:42  Extractor  
  103  7:50  Zerg Missile Weapons Level 2  
  103  7:51  Zerg Ground Armor Level 2  
  103  7:52  Ravager  
  103  7:53  Ravager x2  
  103  7:55  Overlord  
  103  7:56  Overlord x6  
  106  7:59  Burrow  
  106  8:00  Tunneling Claws  
  106  8:04  Overlord  
  106  8:05  Infestation Pit, Overlord x2  
  105  8:10  Spore Crawler  
  105  8:12  Spore Crawler  
  103  8:16  Roach  
  103  8:17  Roach x8  
  121  8:25  Ravager x7  
  128  8:34  Roach  
  128  8:35  Roach x6  
  128  8:36  Overlord x3  
  142  8:50  Overlord  
  142  8:51  Overlord x2  
  142  8:54  Ravager x3  
  142  8:55  Ravager  
  146  9:09  Ravager x3  
  149  9:10  Roach x2  
  149  9:13  Drone x2  
  149  9:14  Drone  
  149  9:15  Drone x3  
  149  9:16  Drone x7  
  166  9:28  Hive  
  168  9:31  Roach x7  
  168  9:32  Roach  
  182  9:45  Overseer  
  182  9:50  Overseer  
  182  9:55  Roach x3  
  182  9:57  Roach x4  
  182  9:58  Roach  
  182  10:06  Roach x2  
  182  10:07  Roach x7  
  192  10:35  Roach x4  
  190  10:47  Zerg Missile Weapons Level 3  
  190  10:48  Zerg Ground Armor Level 3  
  190  10:50  Ravager x5  
  190  10:53  Drone x5  
  190  10:55  Roach  
  200  11:07  Hatchery  
  200  11:10  Extractor  
  200  11:11  Extractor  
  197  11:17  Roach x23  
  197  11:28  Roach  
  197  11:29  Roach  
  199  11:42  Roach  
  199  11:43  Roach x2  
  199  11:44  Roach  
  199  11:46  Roach x7  
  199  11:57  Roach x2  
  192  12:16  Roach x4  
  192  12:31  Ravager x4  
  192  12:32  Ravager x7  
  151  13:05  Roach x20  
  169  13:06  Roach x8  
Show
View Real Time Build Order
Export as new Build Order

Patrick Terran 

Build Orders: Reaper Expand, MMM Bio 

Get SALT Encoding   

  12  0:02  SCV  
  13  0:14  SCV  
  13  0:18  Supply Depot  
  14  0:27  SCV  
  15  0:40  SCV  
  16  0:43  Barracks  
  16  0:45  Refinery  
  16  0:53  SCV  
  17  1:05  SCV  
  18  1:17  SCV  
  19  1:30  Orbital Command  
  19  1:32  Reaper  
  20  1:41  Command Center  
  20  1:51  Supply Depot  
  20  1:56  SCV  
  21  2:08  SCV  
  22  2:23  Marine  
  23  2:38  Refinery  
  23  2:47  SCV  
  24  2:53  Factory  
  24  3:01  SCV  
  25  3:08  Barracks Reactor  
  25  3:13  SCV  
  25  3:16  Command Center  
  25  3:17  Barracks  
  27  3:27  SCV  
  27  3:30  Orbital Command  
  27  3:40  Factory Reactor  
  27  3:42  Starport  
  27  3:43  SCV  
  27  3:48  Bunker  
  27  3:52  Marine  
  27  3:53  Marine  
  27  3:55  SCV x2  
  31  4:04  Barracks Tech Lab  
  31  4:07  SCV  
  31  4:08  SCV  
  33  4:12  Supply Depot  
  33  4:14  Marine x2  
  35  4:19  SCV  
  35  4:20  SCV  
  35  4:21  Viking  
  39  4:32  SCV  
  39  4:33  SCV, Marine x2  
  39  4:34  Marine  
  39  4:36  Stimpack  
  44  4:43  Engineering Bay  
  44  4:44  SCV  
  44  4:45  SCV  
  46  4:49  Supply Depot  
  46  4:51  Marine x2  
  48  4:53  Marine  
  49  5:05  Medivac x2  
  53  5:09  Marine x2  
  55  5:15  Marine  
  55  5:18  SCV, Supply Depot  
  55  5:19  Orbital Command, SCV  
  58  5:26  Refinery  
  58  5:27  Marine x2  
  58  5:28  Refinery, Terran Infantry Weapons Level 1  
  60  5:33  Missile Turret, Marine, Supply Depot  
  61  5:44  Marine  
  61  5:47  Marine  
  63  5:51  Marine  
  64  6:03  Marine  
  65  6:05  Marine  
  65  6:08  Factory Reactor  
  66  6:12  Barracks, Starport Reactor  
  66  6:13  Barracks  
  66  6:14  Barracks, Engineering Bay  
  66  6:15  Missile Turret  
  66  6:16  Marine  
  67  6:21  Marine  
  68  6:29  Marine  
  69  6:34  Marine  
  70  6:44  Marine  
  70  6:45  Combat Shields  
  70  6:46  Marine  
  72  6:51  SCV  
  72  6:52  SCV x2  
  59  7:15  Marine  
  59  7:16  Marine x2  
  59  7:18  Marine x2, Barracks Tech Lab  
  59  7:19  Barracks Tech Lab  
  59  7:20  Medivac x2  
  66  7:31  Terran Infantry Armor Level 1  
  66  7:34  Armory  
  66  7:36  Supply Depot  
  66  7:39  SCV  
  66  7:40  SCV x2  
  66  7:42  Marine  
  66  7:43  Marine x4  
  76  7:44  Marauder  
  76  7:47  Widow Mine x2  
  76  7:51  Medivac x2  
  82  7:56  Marine  
  85  8:00  Supply Depot  
  85  8:02  Marauder, Marine x3  
  85  8:03  Marine  
  85  8:04  SCV x3  
  85  8:05  Marauder  
  96  8:14  Marauder  
  99  8:20  SCV x3  
  99  8:21  Medivac x2  
  99  8:23  Marauder, Marine x2  
  109  8:30  Supply Depot  
  109  8:32  Supply Depot  
  109  8:33  Supply Depot  
  109  8:35  Terran Infantry Weapons Level 2  
  109  8:51  Marine x2, Medivac x2  
  109  8:52  Marauder, Supply Depot  
  109  8:53  Marine x2  
  109  8:54  Marauder x2, SCV, Supply Depot  
  124  8:56  Supply Depot  
  124  8:58  Bunker  
  124  9:00  Supply Depot  
  124  9:09  Marine x2  
  126  9:11  Marine  
  126  9:13  Marauder  
  126  9:14  Supply Depot  
  126  9:15  Marauder x2  
  126  9:16  Supply Depot  
  133  9:18  Supply Depot  
  133  9:19  Supply Depot x2  
  133  9:20  Supply Depot  
  133  9:21  Supply Depot  
  133  9:33  Marine x2  
  133  9:34  Marine x2  
  133  9:35  Marauder  
  133  9:37  Marauder x2  
  143  9:46  Terran Infantry Armor Level 2  
  143  9:56  Marauder, Command Center  
  143  9:58  Marauder x2  
  149  10:00  Marine  
  149  10:01  Marine x3  
  153  10:17  Marauder  
  153  10:20  Marauder x2, Liberator  
  153  10:21  Liberator  
  145  10:26  Unknown  
  141  10:30  Marine x3  
  141  10:31  Marine  
  142  10:39  Marauder  
  142  10:40  Marine  
  142  10:41  Marauder  
  151  10:43  Starport  
  151  10:46  Starport  
  151  10:50  Marine x2  
  151  10:51  Marine x2  
  151  10:53  Terran Infantry Weapons Level 3  
  155  10:59  Missile Turret  
  155  11:03  Missile Turret  
  155  11:09  Marauder x3, Marine  
  155  11:10  Marine  
  123  11:30  Marauder  
  123  11:32  Marine x4  
  118  11:33  Marauder, Marine  
  122  11:50  Marine x2  
  122  11:51  Marauder  
  124  11:54  Fusion Core  
  124  11:55  Marine  
  124  11:56  Marine x3  
  122  12:01  Starport Tech Lab  
  122  12:07  Marine  
  122  12:08  Marine  
  122  12:12  Marauder  
  122  12:13  Marine x2  
  125  12:24  Marauder  
  40  13:20  Marine x5  
Tags
 
Add a new tag
Caveats
  • Supply blocks, unpowered buildings, or Contaminate may cause inaccurate times.
  • Supply counts are checked every 10 seconds.